Unix NetHack Version 5.0.0-0 post-release - last build May 23 2026 06:08:33 (1c0ff79ee797540d5714e4e18072db0edd9e58ae,branch:main).

Game began 2026-05-26 00:25:22, ended 2026-05-28 04:16:41.

7spoons, lawful female human Valkyrie

                               -----------
                     --------  |.........|              -------
      -----          |......| #...T......|              |.....+
      |..{|        ##.......| #|.........|              |.....|
      |....######### |.......##--|-...----   -------    |.....|
      |...|      ### ---.----##% #|...|      |.....|  ##+.....|     W   W
      |....###################   #|...|     #...<...### -.-.---    W W
      |...|      #        # #    #-----     #|.....|#    ###
      -.---      #        # #    ###@##     #----.--#      #
       ##        #        # #     #   ####  #    #  #      #
        ##       #        a #     #   #@#####       #      ###
         ##      #    ----|-#     #      # ##### ####     ## #
          ###    #    |...U.#     #      #   #      ###   #  ###
      ------.--  #    |....|      #      ### #      #################
      |.......|###    |....-####  #     ^  ############--|-----|----.--
      |.......-#      ------    --|-----+--|-#      ###|.........>....|
      |.......|                 |.S.HD..x@..-%        #...............|
      ---------                 |.%.%...@xHH|          |..`...........|
                                -------------          ---+-|----|-----
                                                          ^ #    #
7spoons the Woman-at-arms   St:18 Dx:17 Co:18 In:8 Wi:12 Ch:11  Lawful
Dlvl:20 $:842 HP:0(120) Pw:23(23) AC:-14 Xp:12 T:29027  Blind

Latest messages:
 The xan is hit!
 The flagon crashes on your head and breaks into shards.
 Something seems to be holding you.
 The yellow dragon bites!
 The yellow dragon hits!
 The yellow dragon misses!
 The xan scratches your left boot!
 The xan pricks through your right boot!
 The invisible titan hits!
 The invisible titan knocks you back with a powerful strike!
 You bump into a boulder.  Ouch!
 You stagger...
 You hear a mumbled curse.
 The xan scratches your left boot!
 The xan scratches your left boot!
 The invisible titan hits!
 The elf-lord hits!
 The xan pricks through your left boot!
 The xan just misses!
 You feel a bit steadier now.
 The elf-lord hits!
 The elf-lord hits again!
 The xan misses!
 The xan scratches your right boot!
 The xan scratches your right boot!
 The elf-lord hits!
 The elf-lord just misses!
 The xan misses!
 The xan scratches your left boot!
 The xan scratches your right boot!
 The elf-lord hits!
 The elf-lord hits again!
 The xan pricks through your right boot!
 The xan scratches your right boot!
 The xan pricks through your right boot!
 You hit the xan.
 The elf-lord hits!
 The elf-lord hits again!
 The xan scratches your left boot!
 The xan misses!
 The xan scratches your right boot!
 You hit the xan.
 The elf-lord hits!
 The elf-lord hits again!
 You die...
 Do you want your possessions identified? [ynq] (y)
 Do you want to see your attributes? [ynq] (y)
 Do you want an account of creatures vanquished? [ynaq] (y)
 Do you want to see your conduct and achievements? [ynq] (y)
 Do you want to see the dungeon overview? [ynq] (y)

Inventory:
 Coins    ('$')
  $ - 842 gold pieces
 Weapons  (')')
  b - 6 blessed +1 daggers (at the ready)
  a - the blessed rustproof +5 Excalibur (weapon in right hand)
 Armor    ('[')
  F - a blessed +1 orcish helm (being worn)
  i - an uncursed +0 pair of leather gloves
  E - an uncursed burnt rotted +1 pair of leather gloves (being worn)
  D - a blessed rotted +1 pair of elven boots (being worn)
  j - an uncursed +0 pair of low boots
  G - an uncursed burnt +3 small shield (being worn)
  C - an uncursed burnt +4 cloak of protection (being worn)
  A - a blessed +5 Hawaiian shirt with a water nymph motif (being worn)
  B - an uncursed +0 dwarvish mithril-coat (being worn)
 Comestibles  ('%')
  k - an uncursed K-ration
  Y - a cursed lizard corpse
 Potions  ('!')
  o - an uncursed potion of hallucination
 Rings    ('=')
  h - an uncursed ring of conflict (on right hand)
  c - an uncursed ring of slow digestion (on left hand)
 Wands    ('/')
  n - a wand of locking (0:7)
 Tools    ('(')
  q - a blessed bag of holding containing 13 items
  r - a blessed blindfold (being worn)
  I - a blessed magic lamp (lit)
  w - an uncursed magic whistle
  K - an uncursed skeleton key
  s - an uncursed stethoscope
  l - a blessed +0 unicorn horn
 Gems/Stones  ('*')
  Z - a blessed luckstone

Contents of the bag of holding:
  295 gold pieces
  an uncursed -2 pair of water walking boots
  an uncursed +0 set of orange dragon scales
  2 uncursed food rations
  an uncursed lizard corpse
  an uncursed spellbook of detect unseen
  a blessed potion of confusion
  an uncursed potion of confusion
  an uncursed potion of polymorph
  an uncursed ring of free action
  a +0 pick-axe
  an uncursed tin opener
  an uncursed worthless piece of white glass

7spoons the Valkyrie's attributes:

Background:
 You were a Woman-at-arms, a level 12 human Valkyrie.
 You were lawful, on a mission for Tyr
 who was opposed by Odin (neutral) and Loki (chaotic).
 You were right-handed.
 You were in the Dungeons of Doom, on level 20.
 You entered the dungeon 29027 turns ago.
 It was nighttime.
 You had 26873 experience points, 13127 more were needed to attain level 13.

Basics:
 You had 0 out of 120 hit points.
 You had all 23 energy points (spell power).
 Your armor class was -14.
 Your wallet contained 842 zorkmids, and
 you had 295 more stashed away in your pack.
 Autopickup was off.

Final Characteristics:
 Your strength was 18 (peak:18/07, limit:18/100).
 Your dexterity was 17 (base:18, limit:18).
 Your constitution was 18 (limit:18).
 Your intelligence was 8 (peak:9, limit:18).
 Your wisdom was 12 (limit:18).
 Your charisma was 11 (limit:18).

Final Status:
 You were deliberately blind.
 You had wounded legs.
 You weren't hungry.
 You were unencumbered.
 You were wielding a long sword.
 You had basic skill with long sword and could have enhanced that.

Final Attributes:
 You were piously aligned.
 You were fire resistant.
 You were cold resistant.
 You were sleep resistant.
 You were poison resistant.
 You were level-drain resistant.
 You were telepathic.
 You had automatic searching.
 You were stealthy.
 You caused conflict.
 You had slower digestion.
 You were protected.
 You were fast.
 You were lucky.
 You had extra luck.
 Good luck did not time out for you.
 You are dead.

Miscellaneous:
 You encountered 2 bones levels.
 Total elapsed playing time was 9 hours, 24 minutes and 56 seconds.

Major events:
 Turn
    1: 7spoons the lawful human Valkyrie entered the dungeon
 1708: attained the rank of Skirmisher (level 3)
 1840: entered the Gnomish Mines
 4170: entered Sokoban
 4636: attained the rank of Fighter (level 6)
 7528: reached Mine Town
11396: entered the Bigroom
13350: was given Excalibur by the Lady of the Lake
14039: attained the rank of Woman-at-arms (level 10)
19774: acquired the Mines' End luckstone
21676: entered Home 1, the Quest
24753: completed 1st Sokoban level
25340: completed 2nd Sokoban level
25629: completed 3rd Sokoban level
26612: completed 4th Sokoban level
26849: acquired the Sokoban bag of holding
29027: killed by an elf-lord

You didn't know any spells.

Skills:
 Fighting Skills
   bare handed combat [Unskilled]
   two weapon combat  [Unskilled]
   riding             [Unskilled]
 Weapon Skills
   dagger             [Expert]
   axe                [Unskilled]
   pick-axe           [Unskilled]
   short sword        [Unskilled]
   broadsword         [Unskilled]
   long sword         [Basic]
   two-handed sword   [Unskilled]
   saber              [Unskilled]
   hammer             [Unskilled]
   quarterstaff       [Unskilled]
   polearms           [Unskilled]
   spear              [Basic]
   trident            [Unskilled]
   lance              [Unskilled]
   sling              [Unskilled]
 Spellcasting Skills
   attack spells      [Unskilled]
   escape spells      [Unskilled]

Voluntary challenges:
 Character rerolling was not enabled.
 You never genocided any monsters.
 You never polymorphed an object.
 You never changed form.
 You used no wishes.
 You did not violate any of the special Sokoban rules.
Achievements:
 You attained the rank of Skirmisher.
 You entered the Gnomish Mines.
 You entered Sokoban.
 You attained the rank of Fighter.
 You entered a shop.
 You entered Minetown.
 You entered a temple.
 You entered the Big Room.
 You attained the rank of Woman-at-arms.
 You completed the Gnomish Mines.
 You completed Sokoban.

 The Dungeons of Doom: levels 1 to 20
    Level 1:
    Level 2:
    Level 3:
    Level 4:
       Stairs down to The Gnomish Mines.
    Level 5:
       A sink.
    Level 6:
       Many fountains.
       Oracle of Delphi.
    Level 7:
       A fountain.
       Stairs up to Sokoban, level 6.
    Level 8:
       A general store, a fountain.
       Final resting place for
          chris3141592653-Wiz-Elf-Mal-Cha, killed by a housecat.
    Level 9:
       A fountain.
    Level 10:
       A weapon shop.
    Level 11:
       An altar to Tyr.
    Level 12:
       A very big room.
    Level 13:
       A fountain.
       Summoned by the Norn.
       Portal to The Quest.
    Level 14:
       A throne, a fountain, a grave.
    Level 15:
       Some altars, a fountain, a sink.
    Level 16:
       A general store, a fountain.
    Level 17:
       A general store, a fountain.
    Level 18:
       A primitive area.
    Level 19:
       A fountain, a sink.
    Level 20: <- You were here.
       A sink.
       Final resting place for
          you, killed by an elf-lord.
 The Gnomish Mines: levels 5 to 13
    Level 5:
    Level 6:
       Final resting place for
          Stef75-Bar-Hum-Mal-Neu, killed by a dwarf.
    Level 7:
    Level 8:
       Many shops, a temple and an altar, some fountains.
    Level 9:
    Level 10:
    Level 11:
    Level 12:
    Level 13:
       Some fountains.
 The Quest:
    Level 1:
       A fountain.
       Home.
 Sokoban: levels 6 up to 3
    Level 3:
       Solved.
    Level 4:
       Solved.
    Level 5:
       Solved.
    Level 6:
       Solved.


Vanquished creatures:
 an orange dragon
  a minotaur
  a baluchitherium
  2 master mind flayers
  a genetic engineer
  a vampire leader
 an ice devil
  a black pudding
  a vampire
  a lieutenant
  3 ghosts
  3 queen bees
  a winged gargoyle
  a mind flayer
  3 giant mimics
  a zruty
 an ogre tyrant
  2 flesh golems
  6 large mimics
  2 stalkers
  a fire elemental
 an earth elemental
  2 giant mummies
  a black naga
  a xorn
  6 giant zombies
  4 water demons
  a warg
  8 small mimics
  a glass piercer
  4 warhorses
  2 xans
 an ettin mummy
 an ogre leader
  2 trolls
  a sasquatch
  a wood golem
  a gelatinous cube
  6 freezing spheres
  2 flaming spheres
  2 shocking spheres
  3 large cats
  2 tigers
  4 gargoyles
  2 dwarf rulers
  3 tengu
  4 ochre jellies
  a leocrotta
 an elf mummy
  a human mummy
  2 red nagas
  a python
  a pit viper
  a cobra
  2 wraiths
  2 carnivorous apes
  4 ettin zombies
  3 leather golems
  9 Grey-elves
  2 soldiers
  3 watchmen
  3 chameleons
  3 giant beetles
  3 quivering blobs
  6 cockatrices
  8 wolves
  3 winter wolf cubs
  3 lynxes
  4 gremlins
  a spotted jelly
  5 leprechauns
  2 orc-captains
 an iron piercer
  9 giant spiders
  a scorpion
  4 horses
  3 black lights
  3 vampire bats
  3 gnome rulers
  2 orc mummies
  4 dwarf mummies
  6 brown puddings
  3 rust monsters
  4 owlbears
  5 yetis
  2 gold golems
  a werewolf
  7 Green-elves
  9 lizards
  2 dingoes
  3 housecats
  3 jaguars
  2 dwarf leaders
  3 blue jellies
  2 white unicorns
  2 gray unicorns
  3 black unicorns
  3 dust vortices
  2 ravens
  3 plains centaurs
  4 gnome mummies
  2 snakes
  8 apes
  4 human zombies
  a rope golem
  5 Woodland-elves
  2 soldier ants
 12 fire ants
  6 bugbears
  4 imps
  a quasit
  2 wood nymphs
  3 water nymphs
  5 mountain nymphs
  6 Mordor orcs
  2 rock piercers
  2 rock moles
  5 ponies
  3 fog clouds
  5 yellow lights
  4 shriekers
  3 violet fungi
 18 gnome leaders
  9 gnomish wizards
  2 kobold mummies
  a red naga hatchling
  a gray ooze
  a barrow wight
  9 elf zombies
  2 ghouls
  a straw golem
  3 paper golems
  4 giant ants
  3 little dogs
  9 floating eyes
  a kitten
 16 dwarves
  3 homunculi
  4 kobold leaders
  2 kobold shamans
  9 hill orcs
  8 rothes
  3 rabid rats
  4 giant bats
  3 monkeys
  3 orc zombies
  7 dwarf zombies
  a wererat
  3 werejackals
 11 iguanas
 25 killer bees
  4 acid blobs
  a coyote
  4 gas spores
  2 hobbits
  4 manes
  9 hobgoblins
 16 giant rats
  6 cave spiders
  2 brown molds
  a yellow mold
  a red mold
 62 gnomes
 10 garter snakes
  2 gnome zombies
 12 geckos
 14 jackals
  4 foxes
  6 kobolds
 10 goblins
  4 sewer rats
 14 grid bugs
  6 bats
 11 lichens
  3 kobold zombies
 15 newts
748 creatures vanquished.

No species were genocided or became extinct.

Game over:
                       ----------
                      /          \
                     /    REST    \
                    /      IN      \
                   /     PEACE      \
                  /                  \
                  |     7spoons      |
                  |     1137 Au      |
                  |   killed by an   |
                  |     elf-lord     |
                  |                  |
                  |                  |
                  |       2026       |
                 *|     *  *  *      | *
        _________)/\\_//(\/(/\)/\//\/|_)_______

Farvel 7spoons the Valkyrie...

You died in The Dungeons of Doom on dungeon level 20 with 95906 points,
and 1137 pieces of gold, after 29027 moves.
You were level 12 with a maximum of 120 hit points when you died.

